 Dungeon Crawl Stone Soup version 0.22.1-1-ga44c0e56f4 (webtiles) character file.

79330 Pocketmage the Fencer (level 15, -16/139 HPs)
             Began as a Minotaur Berserker on Sept 26, 2018.
             Was a High Priest of Trog.
             Killed from afar by a lava snake (23 damage)
             ... with a glob of lava
             ... on level 6 of the Lair of Beasts on Sept 27, 2018.
             The game lasted 02:15:15 (17474 turns).

Pocketmage the Fencer (Minotaur Berserker)         Turns: 17474, Time: 02:15:16

Health: -16/139    AC: 12    Str: 23    XL:     15   Next: 20%
Magic:  4/4        EV: 19    Int:  8    God:    Trog [*****.]
Gold:   1034       SH:  0    Dex: 14    Spells: 14/14 levels left

rFire    . . .     SeeInvis .   I - +2 great sword (antimagic)
rCold    + . .     Gourm    .   (shield currently unavailable)
rNeg     + . .     Faith    .   K - +1 leather armour {rN+}
rPois    +         Spirit   .   (helmet restricted)
rElec    +         Reflect  .   Z - +0 cloak
rCorr    .         Harm     .   V - +0 pair of gloves
MR       +....                  C - +2 pair of boots {Fly}
Stlth    +.........             (no amulet)
HPRegen  0.33/turn              S - ring of protection from fire
MPRegen  0.09/turn              s - ring "Wusun" {Ice rElec rPois Dex+3}

@: about to teleport, flying, drained
A: retaliatory headbutt, horns 2
a: Berserk, Trog's Hand, Brothers in Arms, Renounce Religion, Stop Flying


You were on level 6 of the Lair of Beasts.
You worshipped Trog.
Trog was extremely pleased with you.
You were not hungry.

You visited 3 branches of the dungeon, and saw 18 of its levels.
You also visited: Ossuary.

You collected 1034 gold pieces.

Inventory:

Hand Weapons
 d - a +5 great sword of freezing
 i - a +2 scimitar of flaming
 I - a +2 antimagic great sword (weapon)
 O - a +0 dire flail of crushing
 X - the +9 hand crossbow of Giegg {penet, rC+ Str-5 Int+4}
   (You found it on level 3 of the Lair of Beasts)

   Ammo fired by it will pass through the targets it hits, potentially hitting
   all targets in its path until it reaches maximum range.
   It affects your strength (-5).
   It affects your intelligence (+4).
   It protects you from cold.
 Y - a +3 antimagic triple sword
Missiles
 k - 3 throwing nets (quivered)
Armour
 C - a +2 pair of boots of flying (worn)
 H - a +0 plate armour
 K - a +1 leather armour of positive energy (worn)
 V - a +0 pair of gloves (worn)
 Z - a +0 cloak (worn)
Jewellery
 a - a +5 ring of protection {unknown}
 s - the ring "Wusun" (right hand) {Ice rElec rPois Dex+3}
   (You found it on level 5 of the Dungeon)

   [ring of ice]

   It enhances your ice magic.
   It affects your dexterity (+3).
   It makes you vulnerable to fire.
   It protects you from cold.
   It insulates you from electricity.
   It protects you from poison.
 D - a +6 ring of intelligence
 Q - an uncursed ring of poison resistance
 S - a ring of protection from fire (left hand)
 U - an uncursed ring of resist corrosion
Wands
 b - a wand of flame (9)
 u - a wand of polymorph (13)
 F - a wand of enslavement (17)
 G - a wand of acid (23)
Scrolls
 e - 2 scrolls of enchant armour
 f - a scroll of fear
 j - 3 scrolls of teleportation
 q - 2 scrolls of immolation
 y - a scroll of vulnerability {unknown}
 A - a scroll of enchant weapon
 B - 6 scrolls of magic mapping
 J - 6 scrolls of identify
 M - 6 scrolls of amnesia {unknown}
 R - a scroll of blinking {unknown}
 W - 4 scrolls of remove curse
Potions
 g - 3 potions of magic
 h - 6 potions of degeneration
 l - 6 potions of curing
 m - 4 potions of berserk rage
 n - 5 potions of might
 o - 2 potions of resistance
 p - 2 potions of cancellation
 r - 3 potions of flight
 t - a potion of invisibility
 v - 3 potions of ambrosia
 w - 3 potions of lignification
 z - a potion of mutation {unknown}
 E - a potion of agility
 T - a potion of heal wounds
Miscellaneous
 x - a lightning rod (4/4)
 N - a sack of spiders
Comestibles
 c - 20 rations
 L - 4 chunks of flesh


   Skills:
 + Level 14.8(14.4) Fighting
 * Level 20.2(19.7) Long Blades
 + Level 11.9(11.5) Armour
 - Level 12.0(11.6) Dodging


You had 14 spell levels left.
You didn't know any spells.
Your spell library contained the following spells:

 Spells                   Type           Power        Failure   Level  Hunger
 Corona                   Hex            #......      43%         1    ##.....
 Slow                     Hex            #.......     58%         2    ###....
 Inner Flame              Hex/Fire       #.......     82%         3    ####...
 Portal Projectile        Hex/Tloc       #.....       82%         3    ####...
 Cause Fear               Hex            #.........   99%         4    #####..
 Leda's Liquefaction      Hex/Erth       #.........   99%         4    #####..


Dungeon Overview and Level Annotations

Branches:
Dungeon (11/15)            Temple (1/1) D:7            Lair (6/6) D:9
 Shoals (0/4) Lair:3       Spider (0/4) Lair:2        Slime (0/5) Lair:6
    Orc: D:9-12

Altars:
Ashenzari
Cheibriados
Dithmenos
Elyvilon
Fedhas
Gozag
Hepliaklqana
Kikubaaqudgha
Makhleb
Nemelex Xobeh
Okawaru
Qazlal
Ru
Sif Muna
Trog
Uskayaw
Vehumet
Wu Jian
Xom
Yredelemnul
Zin
The Shining One
Jiyva

Annotations:
D:7 exclusion: downstairs
Lair:1 Sonja
Lair:4 exclusion: 4 oklob plants


Innate Abilities, Weirdness & Mutations

You reflexively headbutt those who attack you in melee.
You have a pair of horns on your head.


Message History

You feel strangely unstable.
You are engulfed in a cloud of scalding steam.
The molten gargoyle hits you with a mace.
* * * LOW HITPOINT WARNING * * *
You are engulfed in flames!
* * * LOW HITPOINT WARNING * * *
The steam dragon bites you but does no damage.
The steam dragon barely misses you.
The molten gargoyle blasts magma at you!
The bolt of magma misses you. The steam dragon closely misses you.
The steam dragon completely misses you.
You see here a basilisk corpse.
The molten gargoyle blasts magma at you!
The bolt of magma hits you!
* * * LOW HITPOINT WARNING * * *
The molten gargoyle blasts magma at you!
The bolt of magma misses you. The lava snake spits lava at you.
The glob of lava hits you!
You die...

..## #... ##§≈###... ...#
######≈≈≈#...# ...# §≈§§≈≈≈≈≈§§§
...## ###≈≈≈≈#..# ....#
##...≈≈...### ....## §§
##....≈#....8# .....#
≈§S#.....#.....## .....#
§§.......#....8# ....##
#8...@......## ....#
##.........#8##### ....#
#8#8#..D9.#####..### ....# #
####.§).# ##....##. ....# ####
##...####...".... ....## ###..###
#..###..........
.....###......####..###..........
#P.#............##†###...(.......
#...............#.#.#............


You could see a molten gargoyle, a steam dragon and a lava snake.

Vanquished Creatures
  A fire dragon (Lair:3)
  Harold (D:7)
  A catoblepas (Lair:5)
  4 hydras
  Erica (D:8)
  8 two-headed ogres
  16 death yaks
  Pikel (D:7)
  An oklob plant (Lair:6)
  3 deep elf magi (D:11)
  2 manticores
  7 elephants
  9 spiny frogs
  6 black mambas
  A torpor snail (Lair:6)
  A molten gargoyle (Lair:6)
  Joseph (D:8)
  2 rime drakes (Lair:2)
  14 komodo dragons
  3 trolls
  Prince Ribbit (D:6)
  A queen bee (Lair:2)
  15 blink frogs
  10 hippogriffs
  A shadow (D:10)
  3 humans (D:7)
  4 wyverns
  6 basilisks
  2 hogs (D:7)
  31 yaks
  Eustachio (D:6)
  A hungry ghost (D:8)
  A soldier ant (D:7)
  10 water moccasins
  4 hell hounds (Lair:6)
  9 porcupines
  Duvessa (D:5)
  8 orc warriors
  3 black bears
  2 ice beasts
  An eye of draining (D:8)
  A sky beast (D:9)
  17 wolves
  9 centaurs
  8 ogres
  9 crocodiles
  2 big kobolds
  8 bullfrogs
  Dowan (D:5)
  5 scorpions
  31 killer bees
  6 wights
  4 howler monkeys
  2 electric eels (Lair:4)
  4 crimson imps
  2 quasits
  2 centaur zombies
  7 hounds
  A jelly (D:8)
  2 bullfrog zombies
  9 orc priests
  2 bullfrog skeletons
  A centaur skeleton (D:7)
  A gnoll shaman (D:9)
  6 iguanas
  11 orc wizards
  8 worker ants
  2 hound zombies
  A hound skeleton (D:10)
  A worker ant zombie (D:6)
  Robin (D:3)
  4 gnolls
  12 adders
  2 shadow imps
  An ooze (D:4)
  2 adder skeletons (D:9)
  3 worms
  2 dart slugs
  8 leopard geckos
  24 orcs
  11 giant cockroaches
  11 goblins
  14 hobgoblins
  14 jackals
  16 kobolds
  3 quokkas
  A ball python (D:1)
  6 bats
  5 frilled lizards
  2 jackal zombies
  A quokka skeleton (D:4)
  7 rats
  A plant (Lair:6)
512 creatures vanquished.

Vanquished Creatures (others)
  2 slaves (D:8)
  2 orc wizards (D:5)
  An adder (D:5)
  A quokka (D:5)
  9 fungi
  7 plants
22 creatures vanquished.

Grand Total: 534 creatures vanquished

Notes
Turn   | Place    | Note
-------+----------+-------------------------------------------
     0 | D:1      | Pocketmage the Minotaur Berserker began the quest for the
                  | Orb.
     0 | D:1      | Reached XP level 1. HP: 19/19 MP: 0/0
     4 | D:1      | Noticed an electric eel
     4 | D:1      | Noticed an electric eel
   366 | D:1      | Reached skill level 4 in Long Blades
   374 | D:1      | Reached XP level 2. HP: 27/27 MP: 1/1
   956 | D:2      | Reached XP level 3. HP: 33/33 MP: 2/2
  1740 | D:3      | Reached ** piety under Trog
  1740 | D:3      | Reached XP level 4. HP: 41/41 MP: 3/3
  1777 | D:3      | Reached skill level 5 in Long Blades
  1898 | D:3      | Noticed Robin
  1910 | D:3      | Killed Robin
  2132 | D:3      | Reached XP level 5. HP: 47/47 MP: 4/4
  2185 | D:3      | Found an opulent altar of Gozag.
  2185 | D:3      | Found a sparkling altar of Nemelex Xobeh.
  2252 | D:4      | Reached skill level 6 in Long Blades
  2255 | D:4      | Reached skill level 5 in Fighting
  2299 | D:4      | Reached XP level 6. HP: 56/56 MP: 5/5
  2306 | D:4      | Found a shattered altar of Ashenzari.
  2388 | D:4      | Found a blossoming altar of Fedhas.
  2715 | D:4      | Reached skill level 7 in Long Blades
  2863 | D:5      | Entered Level 5 of the Dungeon
  2917 | D:5      | Reached XP level 7. HP: 62/62 MP: 6/6
  2926 | D:5      | Reached *** piety under Trog
  2996 | D:5      | Found a burning altar of Makhleb.
  3016 | D:5      | Found a sand-covered staircase.
  3021 | Ossuary  | Entered an ossuary
  3021 | Ossuary  | Noticed a wraith
  3021 | Ossuary  | Noticed a wraith
  3021 | Ossuary  | Noticed a wraith
  3046 | D:5      | Got a warped ivory ring
  3047 | D:5      | Found a shimmering altar of Xom.
  3069 | D:5      | Found a glowing silver altar of Zin.
  3190 | D:5      | Found a snail-covered altar of Cheibriados.
  3333 | D:5      | Found a shimmering altar of Xom.
  3357 | D:5      | Found a glowing golden altar of the Shining One.
  3372 | D:5      | Reached skill level 5 in Dodging
  3402 | D:5      | Noticed Duvessa
  3412 | D:5      | Killed Duvessa
  3412 | D:5      | Reached skill level 8 in Long Blades
  3417 | D:5      | Noticed Dowan
  3422 | D:5      | Killed Dowan
  3435 | D:5      | Found an ancient bone altar of Kikubaaqudgha.
  3468 | D:5      | Found a shadowy altar of Dithmenos.
  3827 | D:6      | Reached XP level 8. HP: 71/71 MP: 7/7
  3838 | D:6      | Reached skill level 9 in Long Blades
  3977 | D:6      | Noticed Prince Ribbit
  3986 | D:6      | Killed Prince Ribbit
  4015 | D:6      | Noticed Eustachio
  4048 | D:6      | Reached skill level 10 in Long Blades
  4053 | D:6      | Killed Eustachio
  4398 | D:6      | Reached XP level 9. HP: 21/81 MP: 8/8
  5057 | D:7      | Found a staircase to the Ecumenical Temple.
  5070 | Temple   | Entered the Ecumenical Temple
  5350 | D:7      | Identified the ring "Wusun" {Ice rElec rPois Dex+3} (You
                  | found it on level 5 of the Dungeon)
  5413 | D:7      | Noticed Harold
  5417 | D:7      | Killed Harold
  5417 | D:7      | Reached skill level 11 in Long Blades
  5530 | D:7      | Found an iron altar of Okawaru.
  5559 | D:7      | Reached skill level 12 in Long Blades
  5843 | D:7      | Reached XP level 10. HP: 91/91 MP: 9/9
  5999 | D:8      | Noticed a two-headed ogre
  6049 | D:8      | Reached **** piety under Trog
  6082 | D:8      | Reached skill level 13 in Long Blades
  6106 | D:8      | Noticed Joseph
  6114 | D:8      | Killed Joseph
  6114 | D:8      | Reached skill level 10 in Fighting
  6181 | D:8      | Noticed Pikel
  6192 | D:7      | Killed Pikel
  6266 | D:8      | Found a bloodstained altar of Trog.
  6471 | D:8      | Noticed Erica
  6480 | D:8      | Killed Erica
  6480 | D:8      | Reached skill level 14 in Long Blades
  6535 | D:8      | Killed a two-headed ogre
  6535 | D:8      | Reached XP level 11. HP: 101/101 MP: 7/10
  6587 | D:8      | Noticed a two-headed ogre
  6591 | D:8      | Killed a two-headed ogre
  6797 | D:9      | Reached skill level 10 in Dodging
  6799 | D:9      | Noticed a two-headed ogre
  6806 | D:9      | Killed a two-headed ogre
  6822 | D:9      | Found a staircase to the Lair.
  6969 | D:9      | Found a sacrificial altar of Ru.
  7058 | D:9      | Found a basalt altar of Yredelemnul.
  7364 | D:10     | Entered Level 10 of the Dungeon
  7364 | D:10     | Noticed a two-headed ogre
  7364 | D:10     | Noticed a two-headed ogre
  7401 | D:9      | Killed a two-headed ogre
  7401 | D:9      | Reached skill level 15 in Long Blades
  7550 | D:9      | Killed a two-headed ogre
  8412 | D:11     | Noticed a two-headed ogre
  8481 | D:11     | Killed a two-headed ogre
  8556 | D:11     | Noticed a four-headed hydra
  8970 | D:11     | Noticed a two-headed ogre
  8983 | D:11     | Killed a two-headed ogre
  9018 | D:11     | Noticed a two-headed ogre
  9029 | D:11     | Killed a two-headed ogre
  9029 | D:11     | Reached XP level 12. HP: 46/112 MP: 11/11
  9183 | D:11     | Reached skill level 16 in Long Blades
  9273 | D:11     | Killed a ten-headed hydra
  9278 | D:11     | Noticed an eight-headed hydra
  9279 | D:11     | Reached skill level 5 in Armour
  9295 | D:11     | HP: 5/112 [eight-headed hydra (6)]
  9487 | Lair:1   | Entered Level 1 of the Lair of Beasts
  9692 | Lair:1   | Noticed Sonja
 10289 | Lair:2   | Found a hole to the Spider Nest.
 11081 | Lair:2   | Reached ***** piety under Trog
 11092 | Lair:2   | Reached skill level 17 in Long Blades
 12129 | Lair:3   | Noticed a death yak
 12129 | Lair:3   | Noticed a death yak
 12129 | Lair:3   | Noticed a death yak
 12134 | Lair:3   | Reached XP level 13. HP: 122/122 MP: 12/12
 12416 | Lair:3   | Found a staircase to the Shoals.
 12643 | Lair:3   | Reached skill level 18 in Long Blades
 12643 | Lair:3   | Reached XP level 14. HP: 129/129 MP: 13/13
 13099 | Lair:3   | Reached skill level 10 in Armour
 13547 | Lair:3   | Got a brightly glowing hand crossbow
 13548 | Lair:3   | Identified the +9 hand crossbow of Giegg {penet, rC+ Str-5
                  | Int+4} (You found it on level 3 of the Lair of Beasts)
 14156 | Lair:4   | Received a gift from Trog
 14907 | Lair:4   | Reached skill level 19 in Long Blades
 16552 | Lair:6   | Entered Level 6 of the Lair of Beasts
 16721 | Lair:6   | Found a viscous altar of Jiyva.
 16722 | Lair:6   | Found a staircase to the Slime Pits.
 16792 | Lair:6   | Received a gift from Trog
 16832 | Lair:6   | Reached XP level 15. HP: 114/139 MP: 4/14
 17391 | Lair:6   | Reached skill level 20 in Long Blades
 17474 | Lair:6   | Killed from afar by a lava snake

Skill      XL: |  1  2  3  4  5  6  7  8  9 10 11 12 13 14 15 |
---------------+----------------------------------------------+-----
Long Blades    | 4 5 6 7 8 10 12 14 15 17 18 19 20 | 20.2
Fighting       | 4 5 6 7 9 10 12 13 14 | 14.8
Dodging        | 3 4 5 6 8 9 10 11 12 | 12.0
Armour         | 4 6 9 11 | 11.9

Action                   |  1- 3 |  4- 6 |  7- 9 | 10-12 | 13-15 || total
-------------------------+-------+-------+-------+-------+-------++-------
Melee: Falchion          |    68 |    96 |   140 |       |       ||   304
       Headbutt          |     8 |    24 |    34 |    78 |   117 ||   261
       Great sword       |       |       |    36 |   372 |   287 ||   695
       Triple sword      |       |       |       |       |    83 ||    83
Invok: Berserk           |     5 |     4 |    11 |    11 |     5 ||    36
       Trog's Hand       |       |     5 |     8 |    22 |     7 ||    42
 Abil: Stop Flying       |       |       |     1 |       |       ||     1
       Evoke Flight      |       |       |     1 |       |       ||     1
  Use: Scroll            |       |     4 |    11 |    10 |     4 ||    29
       Potion            |       |       |       |     5 |     3 ||     8
 Stab: Distracted        |       |       |       |     2 |       ||     2
  Eat: Chunk             |     5 |     8 |    10 |    13 |    11 ||    47
       Ration            |       |     1 |     4 |     8 |     4 ||    17
Armor: Animal skin       |     5 |       |       |       |       ||     5
       Ring mail         |     7 |    30 |    53 |       |       ||    90
       Plate armour      |       |       |     2 |    20 |       ||    22
       Leather armour    |       |       |       |    96 |    56 ||   152
Dodge: Dodged            |    43 |    68 |   117 |   427 |   272 ||   927
       Rpst.: Falchion   |    18 |    19 |    22 |       |       ||    59
       Great sword       |       |       |     8 |    96 |    59 ||   163
       Triple sword      |       |       |       |       |    18 ||    18
